 Dungeon Crawl Stone Soup version 0.32-a0-411-g744942f433 (webtiles) character file.

Game seed: 7714625253352985461

46 BubbleThief the Sneak (level 3, -3/19 HPs)
             Began as a Vampire Enchanter on Feb 20, 2024.
             Slain by a goblin
             ... wielding a +0 club
             ... led by Robin
              (4 damage)
             ... on level 2 of the Dungeon.
             The game lasted 00:01:50 (1256 turns).

BubbleThief the Sneak (Vampire Enchanter)           Turns: 1256, Time: 00:01:51

Health: -3/19      AC:  2    Str:  7    XL:     3   Next: 44%
Magic:  5/6        EV: 12    Int: 17    God:
Gold:   128        SH:  0    Dex: 16    Spells: 3/6 levels left

rFire   . . .        a - +1 dagger
rCold   + + +        (no shield)
rNeg    + + +        b - +0 robe
rPois   ∞            (no helmet)
rElec   .            (no cloak)
rCorr   .            (no gloves)
SInv    +            (no boots)
Will    .....        (no amulet)
Stlth   +++++        g - ring of protection from cold
HPRegen 0.00/turn    (no ring)
MPRegen 0.10/turn

%: no passive effects
@: bloodless, inhibited regen
A: bloodless, fangs 3, see invisible, vampiric 2
a: Bat Form, Revivify


You were on level 2 of the Dungeon.
You visited 1 branch of the dungeon, and saw 2 of its levels.

You collected 128 gold pieces.

Inventory:

Hand Weapons
 a - a +1 dagger (weapon)
Missiles
 l - 2 throwing nets (quivered)
Armour
 b - a +0 robe (worn)
 i - a +0 buckler
Jewellery
 g - a ring of protection from cold (left hand)
 m - a ring of poison resistance
Scrolls
 e - a scroll of vulnerability {unknown}
 h - 3 scrolls of identify {unknown}
 n - a scroll of revelation {unknown}
Potions
 c - 2 potions of invisibility
 d - 2 potions of mutation {unknown}
 f - a potion of might {unknown}
 j - 2 potions of cancellation {unknown}
 k - a potion of degeneration {unknown}


   Skills:
 + Level 2.3 Short Blades
 - Level 2.1 Dodging
 + Level 5.3 Stealth
 - Level 2.0 Spellcasting
 + Level 5.2 Hexes


You had 3 spell levels left.
You knew the following spells:

 Your Spells              Type           Power      Damage    Failure   Level
a - Ensorcelled Hibernat  Hex/Ice        20%        N/A       10%         2
b - Slow                  Hex            76%        N/A       2%          1

Your spell library contained the following spells:

 Spells                   Type           Power      Damage    Failure   Level
 Confusing Touch          Hex            19%        N/A       7%          3
 Sigil of Binding         Hex            19%        N/A       7%          3
 Tukima's Dance           Hex            19%        N/A       7%          3
 Dazzling Flash           Conj/Hex       20%        N/A       21%         3
 Fugue of the Fallen      Necr           1%         N/A       50%         3
 Ozocubu's Armour         Ice            1%         N/A       50%         3
 Vampiric Draining        Necr           1%         2d6       50%         3
 Animate Armour           Summ/Erth      2%         N/A       88%         4
 Manifold Assault         Tloc           1%         N/A       88%         4
 Summon Lightning Spire   Summ/Air       1%         N/A       88%         4
 Lee's Rapid Deconstruct  Erth           0%         3d4*      99%         5


Dungeon Overview and Level Annotations

Branches:
Dungeon (2/15)

Altars:

Annotations:
D:2 Robin


Innate Abilities, Weirdness & Mutations

You do not regenerate when monsters are visible.
You are frail without blood (-20% HP).
You can heal yourself when you bite living creatures.
You are immune to poison.
You have razor-sharp teeth.
You have supernaturally acute eyesight. (SInv)
You are afflicted with vampirism and can become a bat while bloodless.


Message History

Robin throws the goblin at you! The goblin closely misses you.
You see here a +0 dagger.
Unknown command.
Cast which spell? (? or * to list)
Okay, then.
You hit the goblin.
The goblin is severely wounded.
The goblin barely misses you.
Robin says, "Bow before me, strongest of all the hobgoblins!"
Robin roars a battlecry!
The goblins go into a battle-frenzy!
The goblin closely misses you.
Press: ? - help, v - describe, . - travel
Here: a goblin, wielding a +0 club (strong)
The floor.
You closely miss the goblin.
The goblin is severely wounded.
Unknown command.
You closely miss the goblin.
The goblin is severely wounded.
The goblin hits you with a +0 club. The goblin closely misses you.
Unknown command.
You closely miss the goblin.
The goblin is severely wounded.
The goblin misses you. The goblin hits you with a +0 dagger.
Unknown command.
You hit the goblin.
You kill the goblin!
The goblin hits you but does no damage.
Unknown command.
You see here a +0 dagger.
The goblin attacks as it pursues you! The goblin hits you with a +0 club.
The goblin attacks as it pursues you! The goblin hits you with a +0 club.
* * * LOW HITPOINT WARNING * * *
Cast which spell? (? or * to list)
Aiming: Slow (safe; 2% risk of failure)
Press: ? - help, Shift-Dir - straight line, f - goblin
Aim: a goblin, wielding a +0 club (strong, chance to affect: 69%)
The goblin struggles to resist.
The goblin hits you with a +0 club.
You die...

#.# #.# #.# # #.#
.## ###.### ...#
#)....# .....
###.###.#
#.########g.....
#...# #.#
#.#.g.gg.ggg....
#.#.###.#
#.#g######gg....
#.#.....# #.#@#
.....
#.###########.#.#
...# #.# ##....#.#
.## ##.##
####.....#.# #
#...###..........#
..#...#.##.....###
#...#.#>###...##
##.##.#.# ##.##
.......(# #.#


You could see 2 goblins.

Vanquished Creatures
  A dart slug (D:2)
  A ball python (D:2)
  4 bats
  4 endoplasms
  6 goblins
  3 kobolds (D:1)
  A quokka (D:1)
  A frilled lizard (D:2)
  3 rats
24 creatures vanquished.

Notes
Turn   | Place    | Note
-------+----------+-------------------------------------------
     0 | D:1      | BubbleThief the Vampire Enchanter began the quest for the
                  | Orb.
     0 | D:1      | Reached XP level 1. HP: 13/13 MP: 3/3
   202 | D:1      | Reached XP level 2. HP: 19/19 MP: 5/5
   205 | D:1      | Learned a level 2 spell: Ensorcelled Hibernation
   207 | D:1      | Learned a level 1 spell: Slow
   278 | D:1      | Reached skill level 5 in Stealth
   479 | D:1      | Found a faded altar of an unknown god.
   740 | D:2      | Reached skill level 5 in Hexes
   779 | D:2      | Gained mutation: You are afflicted with vampirism and can
                  | become a bat while bloodless. [Vampire growth]
   779 | D:2      | Reached XP level 3. HP: 19/19 MP: 6/6
  1241 | D:2      | Noticed Robin
  1256 | D:2      | Slain by a goblin

Illustrated notes

Levels and vault maps discovered:
D:1:      onia_arrival_pentagram, layout_loops_ring,
          hellmonk_ecumenical_altar_heavens_door, minmay_ruptured
D:2:      layout_loops_ring, minmay_cupped, uniq_robin

Skill      XL: |  1  2 |
---------------+-------+-----
Stealth        | 5 |  5.3
Short Blades   | 2 |  2.3
Hexes          | 5 |  5.2
Dodging        | |  2.1
Spellcasting   | |  2.0

Action                     || total
---------------------------++-------
  Melee: Dagger            ||    77
         Bite              ||     2
   Cast: Slow              ||     1
Ability: Exsanguinate      ||     1
   Stab: Sleeping          ||    10
 Armour: Robe              ||    44
  Dodge: Dodged            ||    40

Table legend: (Time is in decaauts)
 A = Elapsed time spent in this place.
 B = Non-inter-level travel time spent in this place.
 C = Inter-level travel time spent in this place.
 D = Time resting spent in this place.
 E = Time spent auto-exploring this place.
 F = Levels seen in this place.
 G = Mean time per level.
                   A        B        C        D        E       F      G
               +--------+--------+--------+--------+--------+-----+--------+
         Total |   1247 |   1226 |     21 |      0 |   1015 |   2 |  623.5 |
       Dungeon |   1247 |   1226 |     21 |      0 |   1015 |   2 |  623.5 |
               +--------+--------+--------+--------+--------+-----+--------+

Top non-repeatable levels by time:
     D:1: 730 daAuts
     D:2: 517 daAuts
